 Dungeon Crawl Stone Soup version 0.27.0-1-g7a089689b8 (webtiles) character file.

Game seed: 5671366298686752346

35 robertstho the Magician (level 3, 0/26 HPs)
             Began as a Djinni Fire Elementalist on Aug 9, 2021.
             Slain by Sigmund (1 damage)
             ... on level 2 of the Dungeon.
             The game lasted 00:05:25 (2352 turns).

robertstho the Magician (Djinni Fire Elementalist)  Turns: 2352, Time: 00:05:25

Health: 0/26       AC:  2    Str: 12    XL:     3   Next: 55%
Gold:   23         EV: 12    Int: 17    God:
                   SH:  0    Dex: 13

rFire    + + .     SeeInvis .   e - +9 halberd "Hilofut" {flame, Str+5}
rCold    x . .     Faith    .   (shield currently unavailable)
rNeg     . . .     Spirit   .   a - +0 robe
rPois    ∞         Reflect  .   (no helmet)
rElec    .         Harm     .   (no cloak)
rCorr    .         Rampage  .   (no gloves)
Will     .....                  (boots unavailable)
Stlth    +.........             (no amulet)
HPRegen  0.08/turn              (no ring)
MPRegen  0.00/turn              (no ring)

@: confused, flying
A: sickness immunity, fire resistance 2, cold vulnerability 1, float, innate
caster, hp casting, extra vitality 1
a: no special abilities


You were on level 2 of the Dungeon.
You visited 1 branch of the dungeon, and saw 3 of its levels.

You collected 167 gold pieces.
You spent 144 gold pieces at shops.

Inventory:

Hand Weapons
 c - a +0 rapier
 e - the +9 halberd "Hilofut" (weapon) {flame, Str+5}
   (You bought it in a shop on level 1 of the Dungeon)

   It burns those it strikes, dealing additional fire damage.
   Big, fiery blades are also staple armaments of hydra-hunters.
   Str:       It affects your strength (+5).
Armour
 a - a +0 robe (worn)
Scrolls
 d - 3 scrolls of magic mapping


   Skills:
 * Level 0.4 Fighting
 + Level 0.4 Short Blades
 + Level 2.4 Dodging
 + Level 1.7 Stealth
 * Level 3.1 Spellcasting


You couldn't memorise any spells.
You knew the following spells:

 Your Spells              Type           Power      Damage    Failure   Level
a - Foxfire               Conj/Fire      52%        2x1d6     4%          1
b - Conjure Flame         Conj/Fire      13%        6-21      14%         3
c - Inner Flame           Hex/Fire       13%        N/A       14%         3
d - Sticky Flame          Conj/Fire      13%        2d4       43%         4
e - Fireball              Conj/Fire      6%         3d5       80%         5
f - Pain                  Necr           52%        1d6       4%          1
Your spell library was empty.

Dungeon Overview and Level Annotations

Branches:
Dungeon (3/15)

Altars:

Shops:
D:1 ?*[[

Annotations:
D:2 Sigmund, Terence


Innate Abilities, Weirdness & Mutations

You are immune to sickness and miasma.
You are immune to poison.
Your flesh is very heat resistant. (rF++)
You are vulnerable to cold. (rC-)
You float through the air rather than walking.
You learn spells naturally, not from books.
Your magical power is your life essence.
You have superior vitality. (+4 HP)


Message History

Press: ? - help, Q - select action, (/) - cycle Dir - look around, f - activate You conjure some foxfire!
The foxfire hits something.
Your foxfire dissipates!
The foxfire hits something. x2
Casting: Foxfire (safe; 4% risk of failure)
Press: ? - help, Q - select action, (/) - cycle Dir - look around, f - activate You conjure some foxfire!
Your foxfire dissipates!
Unknown command.
Casting: Foxfire (safe; 4% risk of failure)
Press: ? - help, Q - select action, (/) - cycle Dir - look around, f - activate Nothing appears to happen.
The foxfire hits something but does no damage.
The foxfire hits something. x2; Something hits you.
Unknown command.
Casting: Foxfire (safe; 4% risk of failure)
Press: ? - help, Q - select action, (/) - cycle Dir - look around, f - activate You conjure some foxfire!
Something hits you.
* * * LOW HITPOINT WARNING * * *
Unknown command.
It was a potion of curing.
You feel better.
The foxfire hits something. x2
Something hits you.
Okay, then.
Something hits you!
* * * LOW HITPOINT WARNING * * *
Okay, then.
You hear some strange, mumbled words.
Something tries to affect you, but you resist.
You see here a bat corpse.
Okay, then.
You are confused.
You bump into the rock wall.
You bump into the rock wall.
You hear some strange, mumbled words.
You are more confused.
You're too confused to move!
Something hits you.
You die...

#.#.# #.#.# #.#.##
###..#.#######.# #.#
....###........# .#.#
###..#..###########.#.#
#......# #.....##
##.###..#########.# #..#####
...# #..........@.# #......##
...###.#########.{###.......#
.....<.# #?..†..# .##..###
#.####.# .##..# #.# #.#
.....# #.# #.# ###..# #.# #..
#..# #.. ... #..# ### ####


There were no monsters in sight!

Vanquished Creatures
  3 dart slugs (D:1)
  4 ball pythons
  3 endoplasms
  2 hobgoblins
  2 jackals (D:1)
  A quokka (D:1)
  5 bats
  6 kobolds
  3 rats
29 creatures vanquished.

Vanquished Creatures (others)
  122 foxfires
122 creatures vanquished.

Grand Total: 151 creatures vanquished

Notes
Turn   | Place    | Note
-------+----------+-------------------------------------------
     0 | D:1      | robertstho the Djinni Fire Elementalist began the quest for
                  | the Orb.
     0 | D:1      | Reached XP level 1. HP: 15/15 MP: 0/0
    86 | D:1      | Reached XP level 2. HP: 11/21 MP: 0/0
   531 | D:1      | Found Iliucyec's Magic Scroll Shop.
   766 | D:1      | Reached XP level 3. HP: 22/26 MP: 0/0
   766 | D:1      | Learned a level 1 spell: Pain
   841 | D:1      | Found Kaxkurek's Antique Armour Boutique.
   856 | D:1      | Reached skill level 3 in Spellcasting
  1162 | D:1      | Found Usaha's Antique Armour Emporium.
  1204 | D:1      | Found Tefeffu's Assorted Antiques.
  1436 | D:2      | Noticed Sigmund
  1740 | D:2      | Found a faded altar of an unknown god.
  1886 | D:2      | Noticed Terence
  2226 | D:1      | Bought an iridescent halberd for 144 gold pieces
  2226 | D:1      | Identified the +9 halberd "Hilofut" {flame, Str+5} (You
                  | bought it in a shop on level 1 of the Dungeon)
  2343 | D:2      | HP: 1/26 [something (10)]
  2352 | D:2      | Slain by Sigmund

Illustrated notes

Levels and vault maps discovered:
D:1:      psy_arrival_basics, layout_rooms, serial_shops, shop,
          nicolae_shop_trees, nicolae_shop_behind_doors, nicolae_diamond_shop,
          minmay_pentomino_p2
D:2:      layout_loops_ring, hellmonk_ecumenical_altar_lost_god,
          minmay_hedge_maze, uniq_sigmund, uniq_crazy_yiuf_cottage, uniq_terence
D:3:      layout_rooms, mainiacjoe_overflow_paths

Skill      XL: |  1  2  3 |
---------------+----------+-----
Spellcasting   | 3 |  3.1
Fighting       | |  0.4
Short Blades   | |  0.4
Dodging        | |  2.4
Stealth        | |  1.7

Action                   || total
-------------------------++-------
Melee: Rapier            ||     8
       Halberd           ||     1
 Cast: Foxfire           ||    79
  Use: Scroll            ||     4
       Potion            ||     1
Armor: Robe              ||     3
Dodge: Dodged            ||     8
